 Dungeon Crawl Stone Soup version 0.17-a0-2147-gfb20a63 (console) character file.

12723 brucemayne the Severer (level 11, 0/118 HPs)
             Began as a Demonspawn Berserker on Oct 24, 2015.
             Was an Elder of Trog.
             Engulfed by a cloud of flame (20 damage)
             ... on level 4 of the Orcish Mines.
             The game lasted 00:25:38 (4577 turns).

brucemayne the Severer (Demonspawn Berserker)       Turns: 4577, Time: 00:25:38

Health: 0/118      AC: 25    Str: 29      XL:     11   Next: 66%
Magic:  11/11      EV:  2    Int:  9      God:    Trog [****..]
Gold:   1003       SH:  0    Dex: 14 (15) Spells: 0 memorised, 10 levels left

rFire  . . .     SeeInvis .     D - +0 battleaxe
rCold  . . .     Clarity  .     (armour currently unavailable)
rNeg   + + +     SustAt   .     (no shield)
rPois  +         Gourm    .     (helmet currently unavailable)
rElec  .         Spirit   .     (cloak currently unavailable)
rCorr  .         Warding  .     (gloves currently unavailable)
rMut   .         NoTele   +     (boots currently unavailable)
MR     ++...                    (no amulet)
Stlth  ++........               f - +3 ring of slaying
                                p - +4 ring of strength

@: mighty, exhausted, tree-form (expiring), regenerating, very resistant to
hostile enchantments, unstealthy
A: (antennae 0), (slimy green scales 0), agile 1, (shaggy fur 0), (spiny 0)
a: Berserk, Trog's Hand, Brothers in Arms, Burn Spellbooks, Renounce Religion


You were on level 4 of the Orcish Mines.
You worshipped Trog.
Trog was greatly pleased with you.
You were not hungry.
You were a tree.
You visited 2 branches of the dungeon, and saw 15 of its levels.

You collected 1113 gold pieces.
You spent 110 gold pieces at shops.

Inventory:

Hand Weapons
 a - a +0 hand axe
 u - a +0 war axe
 D - a +0 battleaxe (weapon)
Missiles
 E - 8 needles of paralysis
Armour
 b - a +0 animal skin
 d - a +2 buckler
 g - a +0 leather armour
 i - the +0 pair of boots of the Zebra (melded) {rF+ rC+ Str-4}
   (You found it on level 8 of the Dungeon)

   It affects your strength (-4).
   It protects you from fire.
   It protects you from cold.
 m - a +0 ring mail
 r - a +0 plate armour
 G - a +1 plate armour of poison resistance (melded)
Jewellery
 f - a +3 ring of slaying (right branch)
 p - a +4 ring of strength (left branch)
 B - a +3 ring of intelligence
Wands
 k - a wand of slowing (22)
Scrolls
 e - 3 scrolls of recharging
 x - 2 scrolls of remove curse
 C - a scroll of vulnerability {unknown}
Potions
 l - a potion of flight
 q - a potion of curing
 t - 4 potions of might
 F - a potion of poison
Books
 h - a book of Necromancy

   Spells                             Type                      Level
   a - Pain                           Necromancy                   1
   b - Animate Skeleton               Necromancy                   1
   c - Vampiric Draining              Necromancy                   3
   d - Regeneration                   Charms/Necromancy            3
   e - Animate Dead                   Necromancy                   4
   f - Control Undead                 Necromancy                   4
   Trog disapproves of the use of such an item.
 s - a book of Cantrips

   Spells                             Type                      Level
   a - Corona                         Hexes                        1
   b - Animate Skeleton               Necromancy                   1
   c - Summon Small Mammal            Summoning                    1
   d - Apportation                    Translocation                1
   Trog disapproves of the use of such an item.
 y - a book of Hinderance

   Spells                             Type                      Level
   a - Confusing Touch                Hexes                        2
   b - Confuse                        Hexes                        3
   c - Gell's Gravitas                Hexes/Translocation          3
   d - Petrify                        Transmutation/Earth          4
   e - Metabolic Englaciation         Hexes/Ice                    5
   Trog disapproves of the use of such an item.
Comestibles
 c - 2 bread rations


   Skills:
 - Level 5.1 Fighting
 + Level 15.7 Axes
 - Level 4.1 Armour
 - Level 1.7 Dodging


You had 10 spell levels left.
You didn't know any spells.

Dungeon Overview and Level Annotations

Branches:
Dungeon (11/15)              Lair (0/8) D:8             Orc (4/4) D:11
    Elf (0/3) Orc:3
 Temple: D:4-7

Altars:
Cheibriados
Elyvilon
Makhleb
Nemelex Xobeh
Qazlal
Ru
Vehumet
Zin
Beogh

Shops:
D:8 :*!(

Annotations:
Orc:3 Rayvis's ghost, journeyman DsFi


Innate Abilities, Weirdness & Mutations

((You have a pair of antennae on your head.))
((You are mostly covered in slimy green scales (AC +3).))
((You are partially covered in sharp spines.))
You are agile. (Dex +2)
((You are covered in fur (AC +1).))


Message History

You barely miss Nessos.
Nessos is heavily wounded.
Nessos is no longer moving quickly.
Nessos hits you.
You slice Nessos!!
Nessos is almost dead.
Your transformation is almost over.
Nessos blinks!
Use which ability?
Your skin crawls.
You feel resistant to hostile enchantments.
You feel slightly more hungry.
You slice Nessos!!
Nessos explodes!
The fiery explosion engulfs you!
* * * LOW HITPOINT WARNING * * *
Trog accepts your kill.
Trog appreciates your killing of a magic user.
You feel your dexterity returning.
You are engulfed in roaring flames.
You die...

#...#.)..##*####)....##
##.###....##.#####..#.#
##*##.#.##..%# #..)...
#..[.#...#* #......
#.......%## ##.#...
##.#.%....# ###...
##§#......## **##.#
#.§§§.%....###.*###
##♣#.#.....#....##.
####..........##..
#....^.....#...
##.............
##.@#.###.....
#......##...#.
##...........#
#**##*##......#.#.##
**.##.##...[....##.#.


There were no monsters in sight!

Vanquished Creatures
  Rupert (Orc:4)
  Nessos (Orc:4)
  Erica (D:8)
  An unseen horror (D:8)
  2 cyclopes
  The ghost of radek the Anointer, a novice DECj of Vehumet (D:8)
  3 orc sorcerers
  Psyche (D:8)
  A centaur skeleton (D:11)
  A troll (D:8)
  A two-headed ogre (D:11)
  2 wraiths (D:11)
  5 yaks (D:10)
  A wyvern (D:11)
  3 hungry ghosts
  3 wolves (D:7)
  A hippogriff (D:11)
  2 wargs (Orc:2)
  Edmund (D:5)
  4 orc warriors
  2 sky beasts
  An ice beast (D:6)
  4 ogres
  A phantom (D:4)
  2 centaurs
  A scorpion (D:8)
  2 troll zombies (D:11)
  An electric eel (D:8)
  2 crimson imps
  11 orc priests
  A giant frog skeleton (D:4)
  6 hounds
  A jelly (D:9)
  13 orc wizards
  A quasit (D:8)
  An iguana (D:5)
  4 sheep (D:11)
  A worker ant (D:7)
  3 ogre zombies (D:11)
  3 gnolls (D:8)
  8 adders
  A shadow imp (D:10)
  2 giant geckos
  122 orcs
  4 bats (D:2)
  A goblin (D:2)
  A hobgoblin (D:3)
  A kobold (D:3)
  2 quokkas
  A goblin skeleton (D:11)
  2 goblin zombies (D:11)
  3 hobgoblin zombies (D:11)
  7 jackals
  An orc skeleton (D:11)
  11 orc zombies (D:11)
  3 rats
267 creatures vanquished.

Vanquished Creatures (others)
  An orc (Orc:1)
  5 toadstools (D:1)
6 creatures vanquished.

Grand Total: 273 creatures vanquished

Notes
Turn   | Place    | Note
--------------------------------------------------------------
     0 | D:1      | brucemayne the Demonspawn Berserker began the quest for the Orb.
     0 | D:1      | Reached XP level 1. HP: 18/18 MP: 1/1
   104 | D:2      | Gained mutation: You are partially covered in sharp spines. [demonic ancestry]
   104 | D:2      | Reached XP level 2. HP: 24/24 MP: 2/2
   124 | D:2      | Found a sacrificial altar of Ru.
   282 | D:2      | Gained mutation: You are partially covered in slimy green scales (AC +2). [demonic ancestry]
   282 | D:2      | Reached XP level 3. HP: 25/29 MP: 3/3
   345 | D:3      | Reached skill level 4 in Axes
   442 | D:4      | Noticed a phantom
   488 | D:4      | Reached XP level 4. HP: 26/35 MP: 4/4
   490 | D:5      | Entered Level 5 of the Dungeon
   522 | D:5      | Noticed a phantom
   576 | D:5      | Noticed Edmund
   636 | D:4      | Killed a phantom
   636 | D:4      | Reached skill level 5 in Axes
   636 | D:4      | Reached XP level 5. HP: 7/41 MP: 5/5
   707 | D:3      | Found a white marble altar of Elyvilon.
   726 | D:3      | Reached ** piety under Trog
   745 | D:2      | Found a stormy altar of Qazlal.
   745 | D:2      | Noticed an earth elemental
   746 | D:2      | Noticed a water elemental
   746 | D:2      | Noticed an air elemental
   746 | D:2      | Noticed a fire elemental
   895 | D:5      | Killed Edmund
   895 | D:5      | Reached skill level 6 in Axes
   895 | D:5      | Reached XP level 6. HP: 47/47 MP: 6/6
   963 | D:5      | Found a glowing silver altar of Zin.
  1077 | D:5      | Reached skill level 7 in Axes
  1152 | D:6      | Gained mutation: You have a pair of small antennae on your head. [demonic ancestry]
  1152 | D:6      | Reached XP level 7. HP: 38/52 MP: 7/7
  1156 | D:6      | Gained mutation: You are agile. (Dex +2) [mutagenic meat]
  1157 | D:6      | Gained mutation: You are covered in fur (AC +1). [mutagenic meat]
  1378 | D:8      | Found Asaefa Jib's Antique Weapon Emporium.
  1382 | D:8      | Noticed a troll
  1399 | D:7      | Reached skill level 8 in Axes
  1477 | D:7      | Reached skill level 9 in Axes
  1477 | D:7      | Gained mutation: You have a pair of antennae on your head. [demonic ancestry]
  1477 | D:7      | Reached XP level 8. HP: 36/58 MP: 8/8
  1686 | D:8      | Killed a troll
  1686 | D:8      | Reached skill level 10 in Axes
  1767 | D:8      | Found a staircase to the Lair.
  1826 | D:8      | Noticed radek's ghost (novice DECj)
  1847 | D:8      | Killed radek's ghost
  1847 | D:8      | Reached skill level 11 in Axes
  1847 | D:8      | Reached XP level 9. HP: 58/63 MP: 9/9
  1862 | D:8      | Noticed Psyche
  1879 | D:8      | Killed Psyche
  1919 | D:8      | Got a pair of encrusted boots
  1929 | D:8      | Identified the +0 pair of boots of the Zebra {rF+ rC+ Str-4} (You found it on level 8 of the Dungeon)
  1933 | D:8      | Found Gana Lapt's Book Boutique.
  1954 | D:8      | Found Teyjo's Distillery.
  1963 | D:8      | Bought a potion of curing for 45 gold pieces
  2008 | D:8      | Killed an unseen horror
  2008 | D:8      | Reached skill level 12 in Axes
  2031 | D:8      | HP: 3/63 [electric eel/bolt of electricity (8)]
  2038 | D:8      | HP: 1/63 [electric eel/bolt of electricity (9)]
  2121 | D:8      | Found a sparkling altar of Nemelex Xobeh.
  2122 | D:8      | Noticed Erica
  2164 | D:8      | Killed Erica
  2235 | D:8      | Found Faxasmal's General Store.
  2256 | D:8      | Bought a potion of heal wounds for 65 gold pieces
  2623 | D:9      | Found a burning altar of Makhleb.
  2623 | D:9      | Found a snail-covered altar of Cheibriados.
  2685 | D:9      | Found a radiant altar of Vehumet.
  2771 | D:10     | Entered Level 10 of the Dungeon
  2798 | D:11     | Reached XP level 10. HP: 49/70 MP: 10/10
  2825 | D:11     | Noticed a centaur skeleton
  2835 | D:11     | Killed a centaur skeleton
  2956 | D:11     | Reached skill level 5 in Fighting
  2966 | D:11     | Reached skill level 13 in Axes
  2975 | D:11     | Noticed a cyclops
  3013 | D:11     | Killed a cyclops
  3050 | D:11     | Found a staircase to the Orcish Mines.
  3162 | Orc:1    | Entered Level 1 of the Orcish Mines
  3168 | Orc:1    | Noticed an orc sorcerer
  3180 | Orc:1    | Killed an orc sorcerer
  3180 | Orc:1    | Reached skill level 14 in Axes
  3189 | Orc:1    | Reached *** piety under Trog
  3331 | Orc:2    | Noticed an orc sorcerer
  3350 | Orc:2    | Paralysed by an orc sorcerer for 6 turns
  3396 | Orc:2    | Killed an orc sorcerer
  3396 | Orc:2    | Gained mutation: You are mostly covered in slimy green scales (AC +3). [demonic ancestry]
  3396 | Orc:2    | Reached XP level 11. HP: 66/79 MP: 11/11
  3487 | Orc:1    | Found a roughly hewn altar of Beogh.
  3720 | Orc:3    | Found a staircase to the Elven Halls.
  3731 | Orc:2    | Noticed an orc sorcerer
  3732 | Orc:2    | Reached **** piety under Trog
  3739 | Orc:2    | Killed an orc sorcerer
  3794 | Orc:4    | Entered Level 4 of the Orcish Mines
  3959 | Orc:4    | Noticed Rupert
  4262 | Orc:3    | Reached ***** piety under Trog
  4326 | Orc:4    | Noticed Nessos
  4327 | Orc:4    | Received a gift from Trog
  4440 | Orc:3    | Noticed Rayvis's ghost (journeyman DsFi)
  4507 | Orc:4    | Paralysed by Rupert for 3 turns
  4528 | Orc:4    | Killed Rupert
  4528 | Orc:4    | Reached skill level 15 in Axes
  4577 | Orc:4    | Killed Nessos
  4577 | Orc:4    | Engulfed by a cloud of flame

Vault maps used:
D:1:      ldierk_walled_garden
D:2:      nicolae_overflow_crystal_walls, ashenzari_altar_1, first_bread,
          roderic_digamma_sauvastika, minmay_crystal_room,
          nicolae_qazlal_style_of_elements
D:3:      lemuel_castle_with_subvaults, elyvilon_altar_4,
          minmay_large_rounded_square, minmay_lizard_king
D:4:      kennysheep_mini, overflow_temple_1_default,
          minmay_temple_entry_purple_smoke, serial_shops, nicolae_shop_stone
D:5:      zin_statuary, uniq_edmund
D:7:      uniq_menkaure, uniq_joseph, uniq_pikel
D:8:      nemelex_xobeh_ov_fountains_minmay, erik_lair_island, serial_shops,
          nicolae_shop_statue_plus, nicolae_shop_stone, shop, shop,
          kennysheep_little_box, grunt_livestock, uniq_erica, uniq_psyche
D:9:      nicolae_overflow_hidden_temple, gammafunk_temple_overflow_elements,
          nicolae_benzene_ring, kennysheep_potato
D:10:     serial_shops, shop
D:11:     zombieorc1_lemuel
Orc:1:    lemuel_statue_altar
Orc:3:    nicolae_orc_pool_cavern
Orc:4:    st_orc_ogre_mass, uniq_nessos, uniq_rupert

Action                   |  1- 3 |  4- 6 |  7- 9 | 10-12 || total
-------------------------+-------+-------+-------+-------++-------
Melee: Hand axe          |    24 |    54 |   187 |       ||   265
       War axe           |       |       |     4 |   273 ||   277
       Battleaxe         |       |       |       |   100 ||   100
Invok: Berserk           |     2 |     2 |     7 |     3 ||    14
       Trog's Hand       |       |     2 |    10 |    13 ||    25
       Brothers in Arms  |       |       |       |     1 ||     1
Evoke: Wand              |       |       |     3 |    10 ||    13
  Use: Potion            |       |     4 |     1 |     8 ||    13
       Scroll            |       |       |     9 |     2 ||    11
 Stab: Sleeping          |       |     2 |       |       ||     2
       Distracted        |       |       |       |     1 ||     1
  Eat: Bread ration      |       |     1 |       |       ||     1
       Chunk             |       |     1 |    15 |    12 ||    28
       Fruit             |       |       |     1 |       ||     1
       Meat ration       |       |       |       |     1 ||     1
       Beef jerky        |       |       |       |     1 ||     1
